 Dungeon Crawl Stone Soup version 0.32-a0-673-g3729bd50f8 (webtiles) character file.

Game seed: 9351026079947660162

47 dialectric the Poker (level 3, -3/28 HPs)
             Began as a Coglin Gladiator on Mar 10, 2024.
             Was an Initiate of Trog.
             Slain by a goblin
             ... wielding a +0 club
             ... led by Robin
              (6 damage)
             ... on level 2 of the Dungeon.
             The game lasted 00:00:39 (270 turns).

dialectric the Poker (Coglin Gladiator)              Turns: 270, Time: 00:00:39

Health: -3/28      AC:  4    Str: 16    XL:     3   Next: 70%
Magic:  3/3        EV: 12    Int:  7    God:    Trog [......]
Gold:   18         SH:  0    Dex: 15    Spells: 2/2 levels left

rFire   + . .        a - +0 trident {Qiang}
rCold   + . .        f - +0 dagger {Ari}
rNeg    . . .        b - +0 leather armour
rPois   +            c - +0 helmet
rElec   +            (no cloak)
rCorr   +            (no gloves)
SInv    .            (no boots)
Will    .....        (amulet unavailable)
Stlth   +            (ring unavailable)
HPRegen 0.24/turn    (ring unavailable)
MPRegen 0.08/turn    (no gizmo)

%: no passive effects
@: resistant, revving
A: off-hand wielding, slow wielding, warmup strikes, no jewellery
a: Invent Gizmo, Renounce Religion


You were on level 2 of the Dungeon.
You worshipped Trog.
Trog was noncommittal.
You visited 1 branch of the dungeon, and saw 2 of its levels.

You collected 18 gold pieces.

Inventory:

Hand Weapons
 a - a +0 trident (weapon) {Qiang}
 f - a +0 dagger (offhand) {Ari}
Missiles
 d - 3 throwing nets (quivered)
 e - a javelin
Armour
 b - a +0 leather armour (worn)
 c - a +0 helmet (worn)
Scrolls
 h - 2 scrolls of enchant armour {unknown}


   Skills:
 + Level 2.7 Fighting
 + Level 3.1 Polearms
 - Level 2.0 Throwing
 + Level 3.1 Dodging


You had 2 spell levels left.
You didn't know any spells.
Your spell library was empty.

Dungeon Overview and Level Annotations

Branches:
Dungeon (2/15)

Altars:
Trog


Innate Abilities, Weirdness & Mutations

You can wield a second weapon in your off-hand.
It takes a long time for you to wield or remove held weapons.
Your first few attacks do less damage.
You cannot equip rings or amulets.


Message History

Unknown command.
You closely miss Robin with your +0 trident.
Robin is heavily wounded.
You hit Robin with your +0 dagger.
Robin roars a battlecry!
The goblins go into a battle-frenzy!
You hit Robin with your +0 dagger.
Robin is severely wounded.
You hit Robin with your +0 trident.
You kill Robin!
Trog accepts your kill. The endoplasm freezes you.
You are frozen.
The goblin barely misses you.
You closely miss the goblin with your +0 trident.
You hit the goblin with your +0 dagger. The goblin hits you but does no damage.
The goblin hits you with a +0 club. The endoplasm freezes you.
You are frozen.
* * * LOW HITPOINT WARNING * * *
You are too injured to fight recklessly!
Unknown command.
You puncture the goblin with your +0 trident!
You kill the goblin!
Trog accepts your kill.
The endoplasm hits you but does no damage.
The goblin hits you but does no damage.
The goblin unwields a +0 club.
The goblin wields a +0 sling.
The goblin shoots a sling bullet.
The sling bullet hits you.
* * * LOW HITPOINT WARNING * * *
Unknown command.
The goblin hits you with a +0 club.
* * * LOW HITPOINT WARNING * * *
Items here: ))) †††.
Unknown command.
It was a potion of resistance.
You feel protected. The goblin barely misses you.
Unknown command.
The goblin attacks as it pursues you! The goblin hits you with a +0 club.
You die...

.### #.#.#.# #.#...####.#
.......#<..####.......##.#
...#####...............#
###...#...####.......##.#
##..#>#..........####.#
#....######.#...# #.#
.####.#g#### #.##### #.#
......)J)g.# #.# #.#
.......g##@# #.# #.#
..###.#.##.# #.# #.# .
#.#.##.# #.# #.#.##.# #.#
. #.##.####.#
..#####....>....#
.............######.
...####.##..........
#.####........


You could see an endoplasm and 2 goblins.

Vanquished Creatures
  Robin (D:2)
  An adder (D:2)
  A ball python (D:2)
  A bat (D:2)
  An endoplasm (D:2)
  A giant cockroach (D:2)
  7 goblins (D:2)
  5 hobgoblins (D:2)
  3 jackals (D:2)
  A frilled lizard (D:2)
  2 rats (D:2)
24 creatures vanquished.

Notes
Turn   | Place    | Note
-------+----------+-------------------------------------------
     0 | D:1      | dialectric the Coglin Gladiator began the quest for the
                  | Orb.
     0 | D:1      | Reached XP level 1. HP: 16/16 MP: 1/1
    25 | D:1      | You fall into a shaft and drop 1 floor!
    45 | D:2      | Reached XP level 2. HP: 19/22 MP: 2/2
   125 | D:2      | Found a bloodstained altar of Trog.
   167 | D:2      | Became a worshipper of Trog the Wrathful
   235 | D:2      | Reached XP level 3. HP: 28/28 MP: 3/3
   253 | D:2      | Noticed Robin
   264 | D:2      | Killed Robin
   270 | D:2      | Slain by a goblin

Illustrated notes

Levels and vault maps discovered:
D:1:      eino_arrival_water_cross, layout_basic, minmay_misc_feat_columns,
          minmay_box_of_dots
D:2:      layout_loops_ring, dreamdust_ecumenical_altar_statues, basic_altar,
          serial_shops, shop, uniq_sigmund, uniq_robin

Skill      XL: |  1  2 |
---------------+-------+-----
Throwing       | 2 |  2.0
Polearms       | 3 |  3.1
Dodging        | 3 |  3.1
Fighting       | |  2.7

Action                     || total
---------------------------++-------
  Melee: Trident           ||    57
         Dagger            ||    41
    Use: Potion            ||     1
 Armour: Leather armour    ||    39
  Dodge: Dodged            ||    30

Table legend: (Time is in decaauts)
 A = Elapsed time spent in this place.
 B = Non-inter-level travel time spent in this place.
 C = Inter-level travel time spent in this place.
 D = Time resting spent in this place.
 E = Time spent auto-exploring this place.
 F = Levels seen in this place.
 G = Mean time per level.
                   A        B        C        D        E       F      G
               +--------+--------+--------+--------+--------+-----+--------+
         Total |    274 |    274 |      0 |      0 |    148 |   2 |  137.0 |
       Dungeon |    274 |    274 |      0 |      0 |    148 |   2 |  137.0 |
               +--------+--------+--------+--------+--------+-----+--------+

Top non-repeatable levels by time:
     D:2: 249 daAuts
     D:1: 25 daAuts
